 Dungeon Sprint DCSS version 0.29-a0-512-gf59ac788ac (webtiles) character file.

Game seed: 11471914406962344287

19574 mhtbhm the Brawler (level 12, -4/106 HPs)
             Began as a Demonspawn Transmuter on May 30, 2022.
             Was an Initiate of Gozag.
             Slain by a vampire knight
             ... wielding a +0 long sword
              (16 damage)
             ... while paralysed by a vampire knight
             ... in the Dungeon (Sprint IX: "|||||||||||||||||||||||||||||").
             The game lasted 00:08:22 (2619 turns).

mhtbhm the Brawler (Demonspawn Transmuter)          Turns: 2619, Time: 00:08:23

Health: -4/106     AC:  9    Str: 14    XL:     12   Next: 37%
Magic:  0/28       EV:  1    Int: 17    God:    Gozag
Gold:   2884       SH:  0    Dex: 13    Spells: 25/35 levels left

rFire   . . .      SeeInvis .     - Unarmed
rCold   + + +      Faith    .   (shield currently unavailable)
rNeg    . . .      Spirit   +   (body armour currently unavailable)
rPois   +          Reflect  .   (helmet unavailable)
rElec   +          Harm     .   (cloak currently unavailable)
rCorr   +          Rampage  .   (gloves currently unavailable)
Will    .....      NoTele   +   (boots currently unavailable)
Stlth   +++.......              p - amulet of regeneration
HPRegen 1.07/turn               y - ring of protection from cold
MPRegen 0.42/turn               u - ring of poison resistance

@: paralysed, mighty, ice-form (expiring), resistant, wereblooded, gold aura,
hasted
A: freezing attack, amphibious, boosted hp, large, (horns 3), (thin metallic
scales 1), powered by death 2, magic shield, magic regeneration
a: End Transformation, Renounce Religion, Potion Petition, Call Merchant, Bribe
Branch


You were in the Dungeon.
You worshipped Gozag.
Gozag was most pleased with you.
You were a creature of crystalline ice.
You visited 1 branch You collected 8119 gold pieces.
You spent 2409 gold pieces at shops.
You paid 2826 gold pieces to Gozag.

Inventory:

Armour
 a - a +0 robe of resistance (melded)
 v - a +1 cloak of poison resistance (melded)
 A - a +1 pair of gloves (melded)
Jewellery
 p - an amulet of regeneration (around neck)
 u - a ring of poison resistance (right front paw)
 w - a ring of willpower
 x - a ring of fire
 y - a ring of protection from cold (left front paw)
 z - a ring of positive energy
 B - the ring "Zutax" {Contam +Blink rC- Str+7 Dex+6}
   (You bought it in a shop in the Dungeon)

   [ring of dexterity]

   Str:       It affects your strength (+7).
   Dex:       It affects your dexterity (+6).
   rC:        It makes you vulnerable to cold.
   +Blink:    It lets you blink.
   Contam:    It causes magical contamination when unequipped.
Wands
 j - a wand of iceblast (3)
 t - a wand of mindburst (12)
Scrolls
 h - 5 scrolls of blinking
 i - 2 scrolls of amnesia
 k - 2 scrolls of enchant armour
 m - 2 scrolls of identify
 q - 2 scrolls of fear
 r - 2 scrolls of fog
 s - 2 scrolls of enchant weapon
Potions
 b - a potion of lignification
 c - 5 potions of curing
 d - a potion of brilliance
 e - 2 potions of berserk rage
 f - 5 potions of magic
 g - a potion of invisibility
 n - 2 potions of heal wounds
 o - 2 potions of might
 C - a potion of attraction {unknown}
Miscellaneous
 l - a phantom mirror (inert)


   Skills:
 + Level 6.8 Fighting
 + Level 11.2 Dodging
 + Level 6.4 Stealth
 + Level 20.4 Unarmed Combat
 + Level 12.0 Spellcasting
 + Level 10.7 Transmutations
 + Level 5.7 Ice Magic
 + Level 3.1 Evocations


You had 25 spell levels left.
You knew the following spells:

 Your Spells              Type           Power      Damage    Failure   Level
a - Beastly Appendage     Tmut           92%        N/A       1%          1
b - Wereblood             Tmut           46%        N/A       1%          2
c - Spider Form           Tmut/Pois      28%        N/A       2%          3
d - Ice Form              Ice/Tmut       38%        N/A       2%          4

Your spell library contained the following spells:

 Spells                   Type           Power      Damage    Failure   Level
 Blink                    Tloc           20%        N/A       11%         2
 Lesser Beckoning         Tloc           10%        N/A       21%         3
 Manifold Assault         Tloc           10%        N/A       88%         5


Dungeon Overview and Level Annotations

Branches:
Dungeon (1/1)

Altars:
Cheibriados
Dithmenos
Elyvilon
Fedhas
Gozag
Hepliaklqana
Kikubaaqudgha
Makhleb
Nemelex Xobeh
Okawaru
Qazlal
Ru
Sif Muna
Trog
Uskayaw
Vehumet
Wu Jian
Xom
Yredelemnul
Zin
The Shining One
Beogh
Jiyva
Lugonu

Shops:
D *=((*=[


Innate Abilities, Weirdness & Mutations

You are a creature of crystalline ice.
You have a powerful freezing melee attack.
You are amphibious.
Your maximum health is increased.
Your armour is entirely melded.
You are incapable of wielding weapons or throwing items.
((You have a pair of large horns on your head.))
((You are partially covered in thin metallic scales. (AC +2)))
You regenerate health from kills.
When hurt, damage is shared between your health and your magic reserves.
You regenerate magic rapidly.


Message History

The hell knight mumbles some strange prayers to its god.
The hell knight blinks!
Your vampire knight casts a spell at the vampire knight.
Your vampire knight blinks!
The vampire knight hits you with a +0 long sword!!!
* * * LOW HITPOINT WARNING * * *
The vampire knight bites you.
* * * LOW HITPOINT WARNING * * *
The vampire knight draws strength from your injuries!
Unknown command.
You feel much better.
The vampire knight hits you with a +0 long sword!
* * * LOW HITPOINT WARNING * * *
The vampire knight bites you but does no damage.
Your vampire knight points at the vampire knight and mumbles some strange words.
Your vampire knight blinks!
Unknown command.
You punch the vampire knight! You freeze the vampire knight.
The vampire knight is almost destroyed.
The hell knight is distracted by your dazzling golden aura.
The vampire knight gestures at you while chanting.
You suddenly lose the ability to move!
The hell knight is no longer distracted by gold.
The vampire knight draws life force from you!
* * * LOW HITPOINT WARNING * * *
The vampire knight is healed by the life force!
Your vampire knight shimmers and vanishes!
The vampire knight hits you with a +0 long sword.
* * * LOW HITPOINT WARNING * * *
The vampire knight bites you.
* * * LOW HITPOINT WARNING * * *
The vampire knight draws strength from your injuries!
The hell knight is distracted by your dazzling golden aura.
The vampire knight casts a spell at you.
You resist with significant effort.
You howl as the wereblood boils in your veins!
The hell knight shouts!
The vampire knight hits you with a +0 long sword!
You die...
Your body crumbles into a pile of gold.

.[[[...'(.).........'.........'..
▓▓▓▓▓▓▓▓▓▓▓▓▓▓▓▓▓▓▓▓▓▓▓▓▓▓▓▓▓▓▓▓▓
........................).......)
▓▓▓▓▓▓▓▓▓▓▓▓▓▓▓▓▓▓▓▓▓▓▓▓▓▓▓▓▓▓▓▓▓
...'.....∩)∩)∩)∩).)))'∩∩...[[[[))
▓▓▓▓▓▓▓▓▓▓▓▓▓▓▓▓▓▓▓▓▓▓▓▓▓▓▓▓▓▓▓▓▓
.................................
▓▓▓▓▓▓▓▓▓▓▓▓▓▓▓▓▓▓▓▓▓▓▓▓▓▓▓▓▓▓▓▓▓
...p.uVY$$+∩..B°°....[[[
▓▓▓▓▓▓▓▓▓▓▓▓▓▓▓▓▓▓▓▓▓▓▓▓


You could see a vampire knight (fast), a cyan ugly thing and a hell knight
(fast).

Vanquished Creatures
  A frost giant (D)
  2 dire elephants (D)
  3 hydras (D)
  A centaur warrior (D)
  2 skeletal warriors (D)
  3 orc knights (D)
  A wolf spider (D)
  An ugly thing (D)
  A manticore (D)
  7 orc sorcerers (D)
  7 elephants (D)
  Joseph (D)
  A gargoyle (D)
  2 cane toads (D)
  3 komodo dragons (D)
  Psyche (D)
  A yaktaur (D)
  A queen bee (shapeshifter) (D)
  A hornet (D)
  A slime creature (D)
  A blink frog (D)
  A shadow (D)
  A wyvern (D)
  Eustachio (D)
  A basilisk (D)
  An acid dragon (D)
  5 water moccasins (D)
  11 orc warriors (D)
  An ogre (D)
  A wolf (D)
  3 bullfrogs (D)
  A necrophage (D)
  A wight (D)
  A killer bee (D)
  A hound (D)
  An orc priest (D)
  An iguana (D)
  7 orc wizards (D)
  11 orcs (D)
  A ball python (D)
  An endoplasm (D)
  A goblin (D)
  A bat (D)
  A frilled lizard (D)
97 creatures vanquished.

Notes
Turn   | Place    | Note
-------+----------+-------------------------------------------
     0 | D        | mhtbhm the Demonspawn Transmuter began the quest for the
                  | Orb.
     0 | D        | Reached XP level 1. HP: 15/15 MP: 3/3
    12 | D        | Reached skill level 3 in Unarmed Combat
   124 | D        | Noticed a necrophage
   124 | D        | Noticed an ogre
   124 | D        | Noticed an iguana
   124 | D        | Noticed a hound
   130 | D        | Killed a hound
   131 | D        | Reached skill level 4 in Unarmed Combat
   131 | D        | Gained mutation: You regenerate magic rapidly. [demonic
                  | ancestry]
   131 | D        | Reached XP level 2. HP: 21/21 MP: 3/6
   131 | D        | Gained mutation: You are partially covered in thin metallic
                  | scales. (AC +2) [demonic ancestry]
   131 | D        | Reached XP level 3. HP: 26/26 MP: 3/7
   134 | D        | Reached skill level 5 in Unarmed Combat
   135 | D        | Killed an ogre
   136 | D        | Reached skill level 7 in Unarmed Combat
   136 | D        | Gained mutation: When hurt, damage is shared between your
                  | health and your magic reserves. [demonic ancestry]
   136 | D        | Reached XP level 4. HP: 32/32 MP: 4/10
   136 | D        | Mutation became permanent: You have a pair of small horns
                  | on your head. [demonic ancestry]
   136 | D        | Gained mutation: You have a pair of horns on your head.
                  | [demonic ancestry]
   136 | D        | Reached XP level 5. HP: 37/37 MP: 4/11
   149 | D        | Reached skill level 8 in Unarmed Combat
   149 | D        | Reached skill level 5 in Spellcasting
   157 | D        | Found a snail-covered altar of Cheibriados.
   157 | D        | Found a shadowy altar of Dithmenos.
   157 | D        | Found a blossoming altar of Fedhas.
   157 | D        | Found an opulent altar of Gozag.
   158 | D        | Found a hazy altar of Hepliaklqana.
   159 | D        | Found a viscous altar of Jiyva.
   160 | D        | Found an ancient bone altar of Kikubaaqudgha.
   161 | D        | Found a corrupted altar of Lugonu.
   162 | D        | Found a burning altar of Makhleb.
   163 | D        | Found a sparkling altar of Nemelex Xobeh.
   164 | D        | Found an iron altar of Okawaru.
   165 | D        | Became a worshipper of Gozag Ym Sagoz the Greedy
   169 | D        | Learned a level 2 spell: Wereblood
   173 | D        | Learned a level 3 spell: Spider Form
   178 | D        | Learned a level 4 spell: Ice Form
   291 | D        | Found a stormy altar of Qazlal.
   292 | D        | Found a sacrificial altar of Ru.
   293 | D        | Found a shimmering blue altar of Sif Muna.
   294 | D        | Found a bloodstained altar of Trog.
   295 | D        | Found a hide-covered altar of Uskayaw.
   296 | D        | Found a radiant altar of Vehumet.
   297 | D        | Found an ornate altar of the Wu Jian Council.
   298 | D        | Found a shimmering altar of Xom.
   299 | D        | Found a basalt altar of Yredelemnul.
   335 | D        | Noticed a gargoyle
   335 | D        | Noticed an acid dragon
   335 | D        | Noticed a shadow
   335 | D        | Noticed a hornet
   342 | D        | Reached skill level 5 in Transmutations
   346 | D        | Killed a hornet
   347 | D        | Reached skill level 5 in Dodging
   347 | D        | Reached skill level 9 in Unarmed Combat
   347 | D        | Reached XP level 6. HP: 36/43 MP: 8/15
   350 | D        | Killed a shadow
   351 | D        | Reached skill level 1 in Stealth
   351 | D        | Reached skill level 10 in Unarmed Combat
   351 | D        | Reached XP level 7. HP: 35/48 MP: 6/17
   357 | D        | Killed a gargoyle
   358 | D        | Reached skill level 11 in Unarmed Combat
   358 | D        | Reached skill level 1 in Ice Magic
   358 | D        | Reached XP level 8. HP: 47/54 MP: 8/19
   457 | D        | Noticed a skeletal warrior
   457 | D        | Noticed a centaur warrior
   457 | D        | Noticed a slime creature
   457 | D        | Noticed a skeletal warrior
   457 | D        | Noticed a queen bee
   457 | D        | Noticed an eight-headed hydra
   467 | D        | Killed an eight-headed hydra
   468 | D        | Reached skill level 12 in Unarmed Combat
   469 | D        | Killed a queen bee
   477 | D        | Killed a skeletal warrior
   478 | D        | Reached skill level 13 in Unarmed Combat
   478 | D        | Gained mutation: You have a pair of horns on your head.
                  | [demonic ancestry]
   478 | D        | Reached XP level 9. HP: 56/61 MP: 2/22
   488 | D        | Killed a centaur warrior
   489 | D        | Reached skill level 14 in Unarmed Combat
   489 | D        | Reached skill level 1 in Evocations
   652 | D        | Killed a skeletal warrior
  1046 | D        | Noticed a cane toad
  1048 | D        | Noticed a komodo dragon
  1052 | D        | Killed a cane toad
  1053 | D        | Gained mutation: You regenerate a little health from kills.
                  | [demonic ancestry]
  1053 | D        | Reached XP level 10. HP: 70/70 MP: 13/23
  1058 | D        | Noticed an eight-headed hydra
  1061 | D        | Noticed a cane toad
  1073 | D        | Reached skill level 15 in Unarmed Combat
  1297 | D        | Killed a cane toad
  1298 | D        | Reached skill level 10 in Spellcasting
  1304 | D        | Killed an eight-headed hydra
  1324 | D        | Noticed an elephant
  1329 | D        | Killed an elephant
  1347 | D        | Reached skill level 5 in Fighting
  1347 | D        | Reached skill level 16 in Unarmed Combat
  1390 | D        | Noticed an elephant
  1390 | D        | Noticed a dire elephant
  1390 | D        | Noticed an elephant
  1390 | D        | Noticed a dire elephant
  1390 | D        | Noticed an elephant
  1390 | D        | Noticed an elephant
  1395 | D        | Killed an elephant
  1404 | D        | Killed a dire elephant
  1405 | D        | Gained mutation: You have a pair of large horns on your
                  | head. [demonic ancestry]
  1405 | D        | Reached XP level 11. HP: 45/80 MP: 11/25
  1411 | D        | Reached skill level 17 in Unarmed Combat
  1424 | D        | Killed a dire elephant
  1885 | D        | Noticed Eustachio
  1899 | D        | Killed Eustachio
  1900 | D        | Reached skill level 10 in Dodging
  1900 | D        | Reached skill level 18 in Unarmed Combat
  1900 | D        | Reached skill level 10 in Transmutations
  1904 | D        | Noticed Psyche
  1910 | D        | Killed Psyche
  1913 | D        | Noticed Joseph
  1921 | D        | Killed Joseph
  2065 | D        | Noticed an orc knight
  2065 | D        | Noticed an orc knight
  2075 | D        | Killed an orc knight
  2083 | D        | Killed an orc knight
  2084 | D        | Reached skill level 5 in Ice Magic
  2109 | D        | Reached skill level 5 in Stealth
  2189 | D        | Bought a ring of poison resistance for 280 gold pieces
  2198 | D        | Bought an ominously black robe for 136 gold pieces
  2198 | D        | Identified the +1 robe of the Sacrificial Victim {rElec}
                  | (You bought it in a shop in the Dungeon)
  2205 | D        | Bought a runed cloak for 180 gold pieces
  2222 | D        | Found Roysit's Antique Weapon Boutique.
  2222 | D        | Noticed an orc sorcerer
  2222 | D        | Noticed an orc sorcerer
  2222 | D        | Noticed an orc sorcerer
  2222 | D        | Noticed an orc sorcerer
  2223 | D        | Noticed an orc sorcerer
  2224 | D        | Killed an orc sorcerer
  2226 | D        | Killed an orc sorcerer
  2227 | D        | Reached skill level 19 in Unarmed Combat
  2228 | D        | Found Worun's Weapon Shop.
  2231 | D        | Noticed an orc sorcerer
  2232 | D        | Killed an orc sorcerer
  2237 | D        | Paralysed by an orc sorcerer for 5 turns
  2238 | D        | Noticed a soul eater
  2243 | D        | Killed an orc sorcerer
  2244 | D        | Found Ijynulooll's Jewellery Boutique.
  2247 | D        | Paralysed by an orc sorcerer for 4 turns
  2252 | D        | Killed an orc sorcerer
  2253 | D        | Found Efaokh's General Store.
  2254 | D        | Noticed a sixfirhy
  2259 | D        | Killed an orc sorcerer
  2260 | D        | Gained mutation: You regenerate health from kills. [demonic
                  | ancestry]
  2260 | D        | Reached XP level 12. HP: 31/89 MP: 10/27
  2321 | D        | Bought a potion of curing for 39 gold pieces
  2321 | D        | Bought a scroll of identify for 26 gold pieces
  2321 | D        | Bought a scroll of identify for 26 gold pieces
  2323 | D        | Bought an amulet of regeneration for 300 gold pieces
  2501 | D        | Bought a phantom mirror for 1240 gold pieces
  2501 | D        | Bought a bound jade ring for 155 gold pieces
  2501 | D        | Identified the ring "Zutax" {Contam +Blink rC- Str+7 Dex+6}
                  | (You bought it in a shop in the Dungeon)
  2501 | D        | Bought a fuming pink potion for 27 gold pieces
  2502 | D        | Noticed a boulder beetle
  2506 | D        | Noticed a six-headed hydra
  2507 | D        | Noticed a frost giant
  2524 | D        | Reached skill level 20 in Unarmed Combat
  2584 | D        | Killed a six-headed hydra
  2585 | D        | Noticed a vampire knight
  2593 | D        | Killed a frost giant
  2616 | D        | Paralysed by a vampire knight for 4 turns
  2619 | D        | Slain by a vampire knight

Illustrated notes

Levels and vault maps discovered:
D:        linesprint [early_d, line_temple, items_1, d_10, items_2, lair_1,
          lair_end, items_3, orc_1, orc_end, items_4, d_15, swamp_1, shoals_1,
          snake_1, spider_1, d_20, vaults_1, items_5, swamp_end, shoals_end,
          snake_end, spider_end, vaults_end, d_27, items_6, zot_1, zot_end,
          crypt_end, forest_end, elf_end, slime_end, tomb_end, abyss_end,
          pan_hell_end]

Skill      XL: |  1  2  3  4  5  6  7  8  9 10 11 12 |
---------------+-------------------------------------+-----
Transmutations | 3 4 5 6 7 8 9 10 | 10.7
Unarmed Combat | 4 7 9 10 11 13 14 16 19 20 | 20.4
Dodging        | 2 3 5 6 7 9 10 11 | 11.2
Spellcasting   | 3 4 6 7 9 10 11 12 | 12.0
Stealth        | 1 2 3 5 6 |  6.4
Ice Magic      | 1 2 3 4 5 |  5.7
Fighting       | 2 3 5 6 |  6.8
Evocations     | 2 3 |  3.1

Action                   |  1- 3 |  4- 6 |  7- 9 | 10-12 || total
-------------------------+-------+-------+-------+-------++-------
Melee: Unarmed           |    18 |    25 |    46 |   254 ||   343
       Kick              |     4 |     2 |       |       ||     6
       Headbutt          |     2 |       |     1 |    15 ||    18
       Punch             |     1 |       |       |     6 ||     7
 Cast: Beastly Appendage |     2 |     1 |       |       ||     3
       Ice Form          |       |     1 |     3 |     9 ||    13
       Wereblood         |       |     1 |     2 |    10 ||    13
Invok: Call Merchant     |       |       |       |     3 ||     3
       Potion Petition   |       |       |       |     1 ||     1
Evoke: Wand              |       |     1 |     5 |     1 ||     7
       Phantom mirror    |       |       |       |     1 ||     1
  Use: Potion            |     1 |       |     6 |     5 ||    12
 Stab: Distracted        |       |       |     1 |     5 ||     6
       Sleeping          |       |       |       |     1 ||     1
Armor: Robe              |     5 |     3 |       |     4 ||    12
       Skin              |       |     5 |     3 |    37 ||    45
Dodge: Dodged            |     8 |    12 |    23 |   121 ||   164

Table legend: (Time is in decaauts)
 A = Elapsed time spent in this place.
 B = Non-inter-level travel time spent in this place.
 C = Inter-level travel time spent in this place.
 D = Time resting spent in this place.
 E = Time spent auto-exploring this place.
 F = Levels seen in this place.
 G = Mean time per level.
                   A        B        C        D        E       F      G
               +--------+--------+--------+--------+--------+-----+--------+
         Total |   2501 |   2501 |      0 |   1043 |    479 |   1 | 2501.0 |
       Dungeon |   2501 |   2501 |      0 |   1043 |    479 |   1 | 2501.0 |
               +--------+--------+--------+--------+--------+-----+--------+

Top non-repeatable levels by time:
       D: 2501 daAuts
